 Dungeon Crawl Stone Soup version 0.16.1-51-g6203257 (webtiles) character file.

1117 Jinxed the Skirmisher (level 8, -6/74 HPs)
             Began as a Hill Orc Fighter on Aug 10, 2015.
             Was a Follower of the Shining One.
             Mangled by a hill giant
             ... wielding a +0 giant club
              (22 damage)
             ... on level 6 of the Dungeon.
             The game lasted 00:08:19 (4274 turns).

Jinxed the Skirmisher (Hill Orc Fighter)            Turns: 4274, Time: 00:08:19

Health: -6/74      AC: 13    Str: 21    XL:     8   Next: 34%
Magic:  8/8        EV:  4    Int:  8    God:    the Shining One [*.....]
Gold:   185        SH: 10    Dex: 13    Spells: 0 memorised, 7 levels left

rFire  . . .     SeeInvis .     a - +0 war axe
rCold  . . .     Clarity  .     q - +0 plate armour
rNeg   . . .     SustAb   .     c - +0 shield
rPois  .         Gourm    .     v - +0 helmet
rElec  .         Spirit   .     (no cloak)
rCorr  .         Warding  .     (no gloves)
rMut   .         Stasis   .     (no boots)
MR     .....                    (no amulet)
Stlth  ..........               (no ring)
                                u - +3 ring of dexterity

@: glowing, not resistant to hostile enchantments, extremely unstealthy
A: no striking features
a: Renounce Religion


You were on level 6 of the Dungeon.
You worshipped the Shining One.
The Shining One was aware of your devotion.
You were not hungry.

You visited 1 branch of the dungeon, and saw 6 of its levels.

You collected 185 gold pieces.

Inventory:

Hand weapons
 a - a +0 war axe (weapon)
Armour
 c - a +0 shield (worn)
 q - a +0 plate armour (worn)
 v - a +0 helmet (worn)
Jewellery
 u - a +3 ring of dexterity (left hand)
 y - an uncursed ring of poison resistance {unknown}
Magical devices
 r - a wand of magic darts (4)
 B - a wand of enslavement (0)
Scrolls
 b - 7 scrolls of remove curse {unknown}
 f - 8 scrolls of identify {unknown}
 j - a scroll of fear {unknown}
 l - a scroll of recharging {unknown}
 m - 2 scrolls of immolation {unknown}
 n - 2 scrolls of random uselessness {unknown}
 o - a scroll of magic mapping {unknown}
 s - 2 scrolls of teleportation {unknown}
 t - a scroll of blinking {unknown}
 C - a scroll of acquirement {unknown}
Potions
 e - a potion of might
 g - 2 potions of heal wounds {unknown}
 i - 2 potions of mutation {unknown}
 k - a potion of haste {unknown}
 w - a potion of lignification {unknown}
 x - a potion of flight {unknown}
 z - a potion of brilliance {unknown}
 A - 2 potions of curing {unknown}
Comestibles
 d - 4 meat rations
 h - 6 bread rations
 p - a royal jelly


   Skills:
 * Level 7.7 Fighting
 * Level 7.6 Axes
 + Level 5.5 Armour
 + Level 5.0 Shields


You had 7 spell levels left.
You didn't know any spells.

Dungeon Overview and Level Annotations

Branches:
Dungeon (6/15)             Temple (0/1) D:5

Altars:
Fedhas
Gozag
Kikubaaqudgha
Makhleb
Sif Muna
The Shining One


Message History

The hill giant completely misses you.
You slash the hill giant!
The hill giant is moderately wounded.
You block the hill giant's attack.
You hit the hill giant.
The hill giant is heavily wounded.
You slash the hill giant!
The hill giant is heavily wounded.
The hill giant hits you but does no damage.
You hit the hill giant.
The hill giant is severely wounded.
The hill giant hits you with a giant club.
You hit the hill giant.
The hill giant is severely wounded.
The hill giant hits you with a giant club!!
* * * LOW HITPOINT WARNING * * *
You hit the hill giant but do no damage.
The hill giant is severely wounded.
The hill giant hits you with a giant club!!
You die...

#.......... ##
#.......... #.
##......... ##.
#........) .. ##........
#.## #........ <.#
##....### #.## ##....#
#@.# ##.....#
#.....sC#.## #......#
.......#..# ##.....####
......###.####..........
.....# #..##.......#...
...# ##.##.......#### .#
#......†..#####
##........###..
#............#


You could see a hill giant and a giant cockroach.

Vanquished Creatures
  A water moccasin (D:5)
  An ice beast (D:5)
  3 centaurs
  A scorpion (D:4)
  3 crimson imps
  A giant frog zombie (D:5)
  2 hounds (D:5)
  2 orc priests
  2 jellies
  Natasha (thrice) (D:5)
  A worker ant (D:5)
  2 iguanas
  7 adders
  4 gnolls (D:3)
  3 worms
  2 giant geckos
  12 orcs
  A ball python (D:3)
  8 hobgoblins
  3 jackals (D:3)
  11 kobolds
  5 quokkas
  5 bats
  8 giant cockroaches
  A giant gecko skeleton (D:6)
  A giant gecko zombie (D:4)
  6 giant newts
  9 goblins
  11 rats
119 creatures vanquished.

Notes
Turn   | Place    | Note
--------------------------------------------------------------
     0 | D:1      | Jinxed, the Hill Orc Fighter, began the quest for the Orb.
     0 | D:1      | Reached XP level 1. HP: 19/19 MP: 1/1
   308 | D:1      | Reached XP level 2. HP: 27/27 MP: 2/2
   481 | D:1      | Reached skill level 4 in Fighting
   733 | D:2      | Found a blossoming altar of Fedhas.
   733 | D:2      | Found an ancient bone altar of Kikubaaqudgha.
   780 | D:2      | Reached XP level 3. HP: 29/34 MP: 3/3
   922 | D:2      | Reached XP level 4. HP: 11/41 MP: 4/4
  1273 | D:2      | Found a burning altar of Makhleb.
  1274 | D:2      | Noticed a green death
  1279 | D:2      | Noticed a neqoxec
  1279 | D:2      | Noticed an orange demon
  1363 | D:2      | Reached skill level 5 in Fighting
  1468 | D:3      | Noticed a centaur
  1481 | D:3      | Killed a centaur
  1481 | D:3      | Reached XP level 5. HP: 4/48 MP: 5/5
  2168 | D:3      | Reached XP level 6. HP: 57/57 MP: 6/6
  2200 | D:3      | Reached skill level 5 in Axes
  2309 | D:3      | Found a glowing golden altar of the Shining One.
  2322 | D:3      | Became a worshipper of the Shining One
  2780 | D:4      | Reached skill level 6 in Fighting
  3147 | D:5      | Entered Level 5 of the Dungeon
  3161 | D:5      | Reached XP level 7. HP: 60/64 MP: 7/7
  3180 | D:5      | Noticed Natasha
  3198 | D:5      | Killed Natasha
  3388 | D:5      | Found an opulent altar of Gozag.
  3443 | D:5      | Reached skill level 5 in Armour
  3451 | D:5      | Reached skill level 7 in Fighting
  3548 | D:5      | Noticed Natasha
  3574 | D:5      | Killed Natasha
  3574 | D:5      | Acquired the Shining One's first power
  3602 | D:5      | Found a staircase to the Ecumenical Temple.
  3602 | D:5      | Noticed Natasha
  3604 | D:5      | Killed Natasha
  3801 | D:5      | Noticed a water moccasin
  3813 | D:5      | Killed a water moccasin
  3813 | D:5      | Reached XP level 8. HP: 46/73 MP: 8/8
  4126 | D:6      | Found a deep blue altar of Sif Muna.
  4185 | D:6      | Reached skill level 5 in Shields
  4260 | D:6      | Noticed a hill giant
  4274 | D:6      | Mangled by a hill giant

Action                   |  1- 3 |  4- 6 |  7- 9 || total
-------------------------+-------+-------+-------++-------
Melee: War axe           |    67 |   185 |   116 ||   368
  Eat: Chunk             |       |     7 |     4 ||    11
